 Dungeon Crawl Stone Soup version 0.30.0-13-g156ef70053 (webtiles) character file.

Game seed: 11055460384227338419

1952 browni3141 the Trooper (level 8, -2/73 HPs)
             Began as a Minotaur Fighter on May 17, 2023.
             Was a Believer of Okawaru.
             Slain by Erica
             ... wielding a +4 scimitar of flaming
              (11 damage)
             ... on level 8 of the Dungeon.
             The game lasted 00:03:36 (5477 turns).

browni3141 the Trooper (Minotaur Fighter)           Turns: 5477, Time: 00:03:37

Health: -2/73      AC: 15    Str: 20      XL:     8   Next: 99%
Magic:  7/7        EV:  9    Int:  4 (5)  God:    Okawaru [**....]
Gold:   360        SH: 10    Dex: 12 (13) Spells: 7/7 levels left

rFire   . . .        a - +0 war axe
rCold   . . .        z - +0 kite shield
rNeg    . . .        L - +0 chain mail
rPois   .            (helmet restricted)
rElec   .            F - +0 cloak
rCorr   .            D - +2 pair of gloves
SInv    .            (no boots)
Will    .....        E - amulet of regeneration Stlth
                     (no ring)
HPRegen 1.12/turn    (no ring)
MPRegen 0.10/turn

%: no passive effects
@: no status effects
A: horns 2, retaliatory headbutt
a: Renounce Religion, Heroism


You were on level 8 of the Dungeon.
You worshipped Okawaru.
Okawaru was pleased with you.
You visited 2 branches of the dungeon, and saw 9 of its levels.

You collected 430 gold pieces.
You spent 70 gold pieces at shops.

Inventory:

Hand Weapons
 a - a +0 war axe (weapon)
Armour
 b - a +0 scale mail
 c - a +0 buckler
 z - a +0 kite shield (worn)
 D - a +2 pair of gloves (worn)
 F - a +0 cloak (worn)
 L - a +0 chain mail (worn)
 Q - a +0 ring mail
Jewellery
 E - an amulet of regeneration (around neck)
 X - a ring of fire
Wands
 S - a wand of roots (19)
 V - a wand of flame (21)
Scrolls
 r - a scroll of identify
 w - 2 scrolls of poison {unknown}
 y - a scroll of fog {unknown}
 A - a scroll of vulnerability {unknown}
 B - a scroll of noise {unknown}
 C - a scroll of amnesia {unknown}
 I - a scroll of enchant weapon
 N - 5 scrolls of teleportation
 O - a scroll of butterflies
 R - 4 scrolls of blinking
 U - 2 scrolls of enchant armour {unknown}
 W - 2 scrolls of brand weapon {unknown}
 Y - 3 scrolls of magic mapping {unknown}
 Z - 4 scrolls of fear {unknown}
Potions
 h - 2 potions of haste
 x - a potion of brilliance {unknown}
 G - a potion of ambrosia {unknown}
 H - 3 potions of heal wounds
 J - 3 potions of mutation {unknown}
 K - 5 potions of curing {unknown}
 M - 2 potions of might
 P - a potion of flight {unknown}
 T - 2 potions of degeneration


   Skills:
 + Level 7.3 Fighting
 + Level 6.6 Axes
 + Level 7.3 Armour
 + Level 5.5 Dodging
 + Level 7.2 Shields


You had 7 spell levels left.
You didn't know any spells.
Your spell library contained the following spells:

 Spells                   Type           Power      Damage    Failure   Level
 Blink                    Tloc           0%         N/A       100%        2
 Manifold Assault         Tloc           0%         N/A       100%        4
 Storm Form               Tmut/Air       0%         N/A       100%        7
 Maxwell's Capacitive Co  Air            0%         ∞         100%        8
 Summon Small Mammal      Summ           Unusable   N/A       N/A         1
 Call Canine Familiar     Summ           Unusable   N/A       N/A         3
 Summon Guardian Golem    Hex/Summ       Unusable   N/A       N/A         3
 Summon Lightning Spire   Summ/Air       Unusable   N/A       N/A         4

Dungeon Overview and Level Annotations

Branches:
Dungeon (8/15)             Temple (1/1) D:5
   Lair: D:8-11

Altars:
Ashenzari
Cheibriados
Dithmenos
Elyvilon
Fedhas
Gozag
Hepliaklqana
Kikubaaqudgha
Makhleb
Nemelex Xobeh
Okawaru
Ru
Trog
Uskayaw
Vehumet
Xom
Yredelemnul
Zin
The Shining One

Shops:
D:3 ?

Annotations:
D:8 Erica
Temple 2 transporters


Innate Abilities, Weirdness & Mutations

You have a pair of horns on your head.
You reflexively headbutt those who attack you in melee.


Message History

A centaur comes into view.
The centaur shouts!
The centaur wields a +0 shortbow.
The centaur shoots an arrow.
The arrow hits you.
A centaur is nearby!
A centaur is nearby!
A centaur is nearby!
A centaur is nearby!
The centaur shoots an arrow.
You block the arrow.
The centaur shoots an arrow.
You block the arrow.
The centaur shoots an arrow.
You block the arrow.
The centaur unwields a +0 shortbow.
The centaur barely misses you.
The centaur kicks you but does no damage.
You hit the centaur.
The centaur is moderately wounded.
You block the centaur's attack. The centaur kicks you.
The centaur barely misses you.
The centaur kicks you but does no damage.
You barely miss the centaur.
The centaur is moderately wounded.
You block the centaur's attack.
The centaur kicks you but does no damage.
You block the centaur's attack.
The centaur kicks you but does no damage.
You hit the centaur.
The centaur is moderately wounded.
The centaur hits you but does no damage.
The centaur closely misses you.
The centaur hits you but does no damage.
The centaur closely misses you.
You slash the centaur! Your headbutt misses the centaur.
The centaur is severely wounded.
You block the centaur's attack. The centaur barely misses you.
You block the centaur's attack.
The centaur kicks you but does no damage.
You slash the centaur!
You kill the centaur!
Okawaru accepts your kill.
You feel your dexterity returning.
You see here a +0 shortbow.
Found a stone staircase leading down.
w - a scroll labelled QUYLANLUUS
w - 2 scrolls labelled QUYLANLUUS (gained 1)
Found a stone staircase leading up.
Erica the Fiery-Tempered comes into view.
She is wielding a +4 scimitar of flaming.
Erica shouts!
Erica casts a spell.
Erica flickers and vanishes!
Deactivating autopickup; reactivate with Ctrl-A.
No target in view!
No target in view!
No target in view!
A sky beast comes into view.
Something hits you but does no damage.
You miss something. You headbutt something! Something hits you.
Something burns you.
You hit something but do no damage. Your headbutt misses something.
You slash the sky beast!
The sky beast hits you but does no damage.
Something hits you! Something burns you.
You miss something. You headbutt something! You completely miss the sky beast.
The sky beast hits you. The sky beast shocks you.
Something completely misses you. Something hits you but does no damage.
The sky beast hits you but does no damage.
You hit the sky beast but do no damage. You headbutt the sky beast!
The sky beast is severely wounded.
You miss something.
The sky beast hits you but does no damage.
You hear some strange, mumbled words.
Something tries to affect you, but you resist.
You barely miss something. Your headbutt misses something.
You slash the sky beast!
You kill the sky beast!
Okawaru accepts your kill.
You hear some strange, mumbled words.
Something tries to affect you, but you resist.
No target in view!
You slash something!
You hear some strange, mumbled words.
Something tries to affect you, but you resist.
Something hits you. Something burns you.
No target in view!
You slash something! You headbutt something. Something hits you!
Something burns you.
No target in view!
You hit something. Your headbutt misses something.
You block something's attack.
No target in view!
You closely miss something. You headbutt something.
Something hits you but does no damage.
No target in view!
You miss something. Something hits you. Something burns you.
You hear some strange, mumbled words.
A lance of force appears from out of thin air!
The lance of force hits you!!
You are knocked back by the lance of force.
You slam into the rock wall!
No target in view!
Something hits you!
You die...

...## #.#.#####
.###....#
#.#..##.########
#.#.##........#
#.#.#########.# #
#.# ###.# #.#
#...########## #.#
#.#..@{....... ...
.............####.
.######.####.# #<#
.# #.# # #.# ###
... ... ..# ###


There were no monsters in sight!

Vanquished Creatures
  A steam dragon (D:7)
  2 orc warriors
  A black bear (D:5)
  A sky beast (D:8)
  3 centaurs
  A bullfrog (D:6)
  2 gnoll sergeants (D:7)
  5 scorpions
  2 electric eels (D:3)
  A hound (D:4)
  4 jellies
  Crazy Yiuf (D:2)
  2 sleepcaps
  2 iguanas
  5 orc wizards
  9 gnolls (D:7)
  6 adders
  An ufetubus (D:5)
  4 worms
  2 dart slugs
  25 orcs
  6 ball pythons
  5 bats
  6 endoplasms
  A giant cockroach (D:3)
  2 goblins
  2 hobgoblins
  4 quokkas
  7 frilled lizards
  7 kobolds
  4 rats
  2 butterflies
126 creatures vanquished.

Notes
Turn   | Place    | Note
-------+----------+-------------------------------------------
     0 | D:1      | browni3141 the Minotaur Fighter began the quest for the
                  | Orb.
     0 | D:1      | Reached XP level 1. HP: 19/19 MP: 0/0
   122 | D:1      | Found a faded altar of an unknown god.
   284 | D:1      | Reached XP level 2. HP: 27/27 MP: 1/1
   412 | D:2      | You fall into a shaft and drop 2 floors!
   698 | D:3      | Reached XP level 3. HP: 33/33 MP: 2/2
   719 | D:3      | Found a transporter.
   746 | D:3      | Reached skill level 3 in Axes
   746 | D:3      | Reached XP level 4. HP: 13/40 MP: 3/3
   906 | D:3      | Found a transporter.
  1044 | D:3      | Reached XP level 5. HP: 47/47 MP: 4/4
  1459 | D:2      | Found a runed translucent door.
  1460 | D:2      | Noticed Crazy Yiuf
  2161 | D:2      | Killed Crazy Yiuf
  2309 | D:3      | Found a glowing silver altar of Zin.
  2411 | D:3      | Found a snail-covered altar of Cheibriados.
  2502 | D:3      | Found Quhin's Magic Scroll Emporium.
  2510 | D:3      | Bought a scroll of identify for 28 gold pieces
  2510 | D:3      | Bought a scroll of teleportation for 42 gold pieces
  2909 | D:4      | Reached XP level 6. HP: 52/55 MP: 5/5
  3438 | D:5      | Entered Level 5 of the Dungeon
  3462 | D:5      | Reached skill level 3 in Dodging
  3719 | D:5      | Reached XP level 7. HP: 39/61 MP: 6/6
  3795 | D:5      | Found a bloodstained altar of Trog.
  3809 | D:5      | Found a staircase to the Ecumenical Temple.
  3833 | Temple   | Entered the Ecumenical Temple
  3833 | Temple   | Found a transporter.
  3833 | Temple   | Found a transporter.
  3835 | Temple   | Found a transporter.
  3835 | Temple   | Found a transporter.
  3849 | Temple   | Became a worshipper of Warmaster Okawaru
  4248 | D:6      | Found a white marble altar of Elyvilon.
  4306 | D:6      | Reached skill level 6 in Fighting
  4312 | D:6      | Reached skill level 6 in Armour
  4312 | D:6      | Reached skill level 6 in Shields
  4394 | D:6      | Reached XP level 8. HP: 70/70 MP: 7/7
  4498 | D:6      | Found a glowing golden altar of the Shining One.
  4501 | D:6      | Found a shimmering altar of Xom.
  4501 | D:6      | Found a snail-covered altar of Cheibriados.
  4503 | D:6      | Found an opulent altar of Gozag.
  4503 | D:6      | Found an iron altar of Okawaru.
  4503 | D:6      | Found a hide-covered altar of Uskayaw.
  4636 | D:7      | Reached * piety under Okawaru
  4674 | D:7      | Found a hazy altar of Hepliaklqana.
  4680 | D:7      | Found a blossoming altar of Fedhas.
  5002 | D:7      | Reached skill level 6 in Axes
  5419 | D:8      | Reached ** piety under Okawaru
  5462 | D:8      | Noticed Erica
  5477 | D:8      | Slain by Erica

Illustrated notes

Levels and vault maps discovered:
D:1:      matt_arrival_refuge, layout_rooms, ebering_ecumenical_altar_petrified
D:2:      layout_basic, kennysheep_donut, st_stairs_13, uniq_crazy_yiuf_cottage
D:3:      gammafunk_steamed_eel, layout_loops_corners, zin_treasury,
          mainiacjoe_overflow_concentric_impassable, serial_shops, shop
D:4:      layout_basic, minmay_misc_feat_more_columns
D:5:      layout_basic, mainiacjoe_overflow_six_doors_small,
          minmay_temple_entry_butterflies
D:6:      layout_rooms, mainiacjoe_overflow_surrounded_room,
          doesnt_xom_only_xom, minivault_22
D:7:      layout_loops_ring, minitemple
D:8:      layout_loops_ring, david_lair_generic, grunt_ministairs_10,
          water_boxes_lemuel, uniq_grum, uniq_erica
Temple:   hellmonk_temple_divided_pantheon

Skill      XL: |  1  2  3  4  5  6  7  8 |
---------------+-------------------------+-----
Dodging        | 1 2 3 4 5 |  5.5
Fighting       | 4 5 6 7 |  7.3
Armour         | 4 5 6 7 |  7.3
Axes           | 3 4 5 6 |  6.6
Shields        | 4 5 6 7 |  7.2

Action                     |  1- 3 |  4- 6 |  7- 9 || total
---------------------------+-------+-------+-------++-------
  Melee: War axe           |    35 |   134 |   136 ||   305
         Headbutt          |     3 |    16 |    39 ||    58
  Evoke: Wand              |     1 |     1 |     1 ||     3
    Use: Scroll            |       |     3 |       ||     3
         Potion            |       |       |     2 ||     2
 Armour: Scale mail        |    22 |    15 |       ||    37
         Chain mail        |       |    59 |   107 ||   166
  Dodge: Dodged            |    20 |    63 |    65 ||   148
  Block: Buckler           |     3 |    38 |    41 ||    82
         Kite shield       |       |       |    24 ||    24
